 Dungeon Crawl Stone Soup version 0.30-a0-726-gd89dcf765f (webtiles) character file.

Game seed: 6613087236185559360

43 garrulousMonolith the Insei (level 3, -2/28 HPs)
             Began as a Gnoll Transmuter on Jan 30, 2023.
             Slain by a jackal (3 damage)
             ... on level 1 of the Dungeon.
             The game lasted 00:01:42 (930 turns).

garrulousMonolith the Insei (Gnoll Transmuter)       Turns: 930, Time: 00:01:43

Health: -2/28      AC:  5    Str:  9    XL:     3   Next: 58%
Magic:  18/18      EV: 11    Int: 14    God:
Gold:   21         SH:  0    Dex: 12    Spells: 8/12 levels left

rFire   . . .      SeeInvis .      - Unarmed
rCold   . . .      Faith    .    (no shield)
rNeg    . . .      Spirit   .    h - +0 ring mail
rPois   .          Reflect  .    (no helmet)
rElec   .          Harm     .    (no cloak)
rCorr   +          Rampage  .    (no gloves)
Will    .....                    (no boots)
Stlth   +                        (no amulet)
HPRegen 0.24/turn                g - ring of resist corrosion
MPRegen 0.16/turn                i - ring of magical power

@: wereblooded (expiring)
A: fangs 1, strong nose, distributed training
a: no special abilities


You were on level 1 of the Dungeon.
You visited 1 branch of the dungeon, and saw 2 of its levels.

You collected 21 gold pieces.

Inventory:

Hand Weapons
 m - a +1 dagger of draining
Missiles
 o - 4 boomerangs
Armour
 a - a +0 robe
 h - a +0 ring mail (worn)
Jewellery
 g - a ring of resist corrosion (left hand)
 i - a ring of magical power (right hand)
Scrolls
 c - a scroll of immolation {unknown}
 e - a scroll of vulnerability {unknown}
 j - a scroll of teleportation {unknown}
 k - a scroll of fog {unknown}
 l - a scroll of enchant armour {unknown}
Potions
 b - a potion of lignification
 d - a potion of curing
 f - 2 potions of might {unknown}
 n - a potion of degeneration {unknown}
 p - a potion of invisibility {unknown}


   Skills:
 + Level 2.6 Fighting
 + Level 0.9 Short Blades
 + Level 0.9 Long Blades
 + Level 0.9 Axes
 + Level 0.9 Maces & Flails
 + Level 0.9 Polearms
 + Level 0.9 Staves
 + Level 0.9 Ranged Weapons
 + Level 0.9 Throwing
 + Level 0.9 Armour
 + Level 4.5 Dodging
 + Level 0.9 Stealth
 + Level 0.9 Shields
 + Level 6.5 Unarmed Combat
 + Level 5.0 Spellcasting
 + Level 0.6 Conjurations
 + Level 0.6 Hexes
 + Level 0.6 Summonings
 + Level 0.6 Necromancy
 + Level 0.6 Translocations
 + Level 3.8 Transmutations
 + Level 0.6 Fire Magic
 + Level 0.6 Ice Magic
 + Level 0.6 Air Magic
 + Level 0.6 Earth Magic
 + Level 0.6 Poison Magic
 + Level 1.0 Invocations
 + Level 0.9 Evocations


You had 8 spell levels left.
You knew the following spells:

 Your Spells              Type           Power      Damage    Failure   Level
a - Beastly Appendage     Tmut           28%        N/A       11%         1
b - Wereblood             Tmut           14%        N/A       16%         2
c - Apportation           Tloc           10%        N/A       36%         1

Your spell library contained the following spells:

 Spells                   Type           Power      Damage    Failure   Level
 Necrotise                Necr           20%        1d5       36%         1
 Summon Small Mammal      Summ           20%        N/A       36%         1
 Spider Form              Tmut/Pois      9%         N/A       52%         3
 Ice Form                 Ice/Tmut       9%         N/A       89%         4
 Summon Ice Beast         Ice/Summ       5%         N/A       98%         4
 Summon Mana Viper        Hex/Summ       5%         N/A       100%        5
 Monstrous Menagerie      Summ           2%         N/A       100%        7


Dungeon Overview and Level Annotations

Branches:
Dungeon (2/15)

Altars:


Innate Abilities, Weirdness & Mutations

You have very sharp teeth.
Your uncanny sense of smell can sniff out nearby items.
Your experience applies equally to all skills.


Message History

Your primal bloodlust is almost over.
The orc wizard barely misses you.
The hobgoblin hits you but does no damage.
The jackal barely misses you.
You barely miss the orc wizard. The jackal barely misses you.
The hobgoblin hits you.
* * * LOW HITPOINT WARNING * * *
The orc wizard hits you but does no damage.
You are lethally poisoned!
It was a potion of curing.
You feel better. The jackal bites you.
* * * LOW HITPOINT WARNING * * *
The hobgoblin closely misses you. The orc wizard barely misses you.
The jackal bites you but does no damage.
You hit the orc wizard.
The orc wizard is moderately wounded.
The orc wizard hits you with a +2 dagger of venom.
* * * LOW HITPOINT WARNING * * *
You are lethally poisoned!
The hobgoblin barely misses you.
The jackal bites you but does no damage.
You closely miss the orc wizard.
The orc wizard is moderately wounded.
* * * LOW HITPOINT WARNING * * *
You feel very sick. The jackal barely misses you.
The hobgoblin barely misses you.
The orc wizard hits you with a +2 dagger of venom.
* * * LOW HITPOINT WARNING * * *
You are more poisoned.
You feel better.
The jackal bites you but does no damage.
The hobgoblin closely misses you. The orc wizard completely misses you.
You closely miss the orc wizard.
The orc wizard is moderately wounded.
The jackal misses you.
The hobgoblin hits you but does no damage.
The orc wizard casts a spell at you. The puff of flame hits you!
* * * LOW HITPOINT WARNING * * *
The jackal bites you.
You die...

##############
########............#
#..........########.###
########.#####....###.##.....# #
...............#.o.....#[....####
###.##.#.#####.h@.##.............
#.##.#.##.....†g....#......##..
#.##.#.#...##.#.###..#.....#...
#.#......#..........###..#....#
###.#....#..........#..#.#.#.#..#
.............#.............#.##..
###>####....###...#.###.####.##.#
##..####.#...#.####.#.....##.##.#
#.#...........#####.#.###.##.##..


You could see an orc wizard, a jackal and a hobgoblin.

Vanquished Creatures
  An adder (D:2)
  A worm (D:2)
  A dart slug (D:1)
  An orc (D:1)
  4 endoplasms (D:1)
  A giant cockroach (D:1)
  4 goblins (D:1)
  3 hobgoblins (D:1)
  2 jackals (D:1)
  2 ball pythons (D:1)
  3 bats
  A frilled lizard (D:2)
  3 rats (D:1)
27 creatures vanquished.

Notes
Turn   | Place    | Note
-------+----------+-------------------------------------------
     0 | D:1      | garrulousMonolith the Gnoll Transmuter began the quest for
                  | the Orb.
     0 | D:1      | Reached XP level 1. HP: 17/17 MP: 6/6
   147 | D:1      | Reached XP level 2. HP: 23/23 MP: 7/7
   247 | D:1      | Learned a level 2 spell: Wereblood
   249 | D:1      | Learned a level 1 spell: Apportation
   584 | D:1      | Reached skill level 5 in Spellcasting
   584 | D:1      | Reached XP level 3. HP: 28/28 MP: 9/9
   858 | D:2      | Reached skill level 1 in Invocations
   930 | D:1      | HP: 1/28 [orc wizard/puff of flame (11)]
   930 | D:1      | Slain by a jackal

Illustrated notes

Levels and vault maps discovered:
D:1:      amcnicky_arrival_double_pillar, layout_loops_ring, minmay_box_of_dots
D:2:      layout_loops_ring, basic_altar

Skill      XL: |  1  2  3 |
---------------+----------+-----
Spellcasting   | 5 |  5.0
Invocations    | 1 |  1.0
Fighting       | |  2.6
Short Blades   | |  0.9
Long Blades    | |  0.9
Axes           | |  0.9
Maces & Flails | |  0.9
Polearms       | |  0.9
Staves         | |  0.9
Ranged Weapons | |  0.9
Throwing       | |  0.9
Armour         | |  0.9
Dodging        | |  4.5
Stealth        | |  0.9
Shields        | |  0.9
Unarmed Combat | |  6.5
Conjurations   | |  0.6
Hexes          | |  0.6
Summonings     | |  0.6
Necromancy     | |  0.6
Translocations | |  0.6
Transmutations | |  3.8
Fire Magic     | |  0.6
Ice Magic      | |  0.6
Air Magic      | |  0.6
Earth Magic    | |  0.6
Poison Magic   | |  0.6
Evocations     | |  0.9

Action                     || total
---------------------------++-------
  Melee: Unarmed           ||    91
         Kick              ||     5
         Bite              ||     5
         Punch             ||     2
         Headbutt          ||     5
   Cast: Beastly Appendage ||     6
         Wereblood         ||     1
    Use: Potion            ||     2
 Armour: Ring mail         ||    44
         Robe              ||     1
  Dodge: Dodged            ||    83

Table legend: (Time is in decaauts)
 A = Elapsed time spent in this place.
 B = Non-inter-level travel time spent in this place.
 C = Inter-level travel time spent in this place.
 D = Time resting spent in this place.
 E = Time spent auto-exploring this place.
 F = Levels seen in this place.
 G = Mean time per level.
                   A        B        C        D        E       F      G
               +--------+--------+--------+--------+--------+-----+--------+
         Total |    919 |    900 |     19 |      0 |    693 |   2 |  459.5 |
       Dungeon |    919 |    900 |     19 |      0 |    693 |   2 |  459.5 |
               +--------+--------+--------+--------+--------+-----+--------+

Top non-repeatable levels by time:
     D:1: 872 daAuts
     D:2: 47 daAuts
